 Dungeon Crawl Stone Soup version 0.19.1-1-g22dce08 (webtiles) character file.

80 M4edhros the Poker (level 4, -2/31 HPs)
             Began as an Octopode Chaos Knight on Dec 31, 2016.
             Slain by an orc wizard
             ... wielding a +0 dagger
              (6 damage)
             ... on level 3 of the Dungeon.
             The game lasted 00:01:09 (1712 turns).

M4edhros the Poker (Octopode Chaos Knight)          Turns: 1712, Time: 00:01:09

Health: -2/31      AC:  1    Str:  8 (11) XL:     4   Next: 39%
Magic:  4/4        EV: 13    Int: 11 (14) God:    Xom [..*...]
Gold:   152        SH:  0    Dex: 11 (12) Spells: 0 memorised, 3 levels left

rFire  . . .     SeeInvis .     a - +0 spear (chaos)
rCold  . . .     Gourm    .     (no shield)
rNeg   . . .     Faith    .     (helmet restricted)
rPois  .         Spirit   .     (no amulet)
rElec  .         Reflect  .     m - ring of wizardry
rCorr  .         Harm     .     (no ring)
MR     .....                    (no ring)
Stlth  ++........               (no ring)
                                (no ring)
                                (no ring)
                                (no ring)
                                (no ring)

@: confused, hasted, very quick
A: almost no armour, stealthy swim, amphibious, 8 rings, constrict 8, camouflage
1, gelatinous body 1
a: Renounce Religion


You were on level 3 of the Dungeon.
You worshipped Xom.
You were a toy of Xom.
You were hungry.

You visited 1 branch of the dungeon, and saw 3 of its levels.

You collected 152 gold pieces.

Inventory:

Hand Weapons
 a - a +0 spear of chaos (weapon)
 i - a +0 hunting sling
Missiles
 j - 29 stones (quivered)
Jewellery
 m - a ring of wizardry (left tentacle)
Scrolls
 d - a scroll of random uselessness {unknown}
 f - a scroll of immolation {unknown}
 h - a scroll of magic mapping {unknown}
 l - a scroll of identify {unknown}
 n - a scroll of teleportation {unknown}
Potions
 e - a potion of degeneration
 g - a potion of haste
 o - a potion of might {unknown}
Comestibles
 b - 3 bread rations
 c - a meat ration


   Skills:
 - Level 3.0 Fighting
 + Level 5.1 Polearms
 - Level 2.3 Dodging


You had 3 spell levels left.
You didn't know any spells.

Dungeon Overview and Level Annotations

Branches:
Dungeon (3/15)

Altars:
Fedhas
Kikubaaqudgha
Ru


Innate Abilities, Weirdness & Mutations

You cannot wear most types of armour.
You are very stealthy in the water. (Stealth+)
You are amphibious.
You can wear up to eight rings at the same time.
You can use your tentacles to constrict eight enemies at once.
Your skin changes colour to match your surroundings (Stealth+).
Your rubbery body absorbs attacks. (AC +1, EV +1)


Message History

You hit something but do no damage. Something hits you.
You miss something. Something hits you.
You closely miss something. Your squeeze misses something. Something hits you.
You closely miss something. You squeeze something! Something hits you.
You barely miss something. You closely miss something.
Your squeeze misses something.
You hear some strange, mumbled words.
You are confused.
A magic dart appears from out of thin air!
The magic dart hits you! Something hits you.
It was a potion of degeneration.
There was something very wrong with that liquid.
You feel weakened.
You feel dopey.
You feel clumsy.
You hear some strange, mumbled words.
A magic dart appears from out of thin air!
The magic dart hits you!
* * * LOW HITPOINT WARNING * * *
It was a potion of haste.
You feel yourself speed up. Something hits you.
You die...

#.# #.#
##.######
##.......#
#........#
##.#......#
#..#...<..#
#.......#
#@......#
#.{.....#
..........#
#.##########
#


There were no monsters in sight!

Vanquished Creatures
  2 adders (D:2)
  A worm (D:2)
  2 dart slugs
  2 leopard geckos (D:1)
  4 orcs (D:2)
  9 goblins
  9 hobgoblins
  8 bats
  3 frilled lizards
  2 kobolds
  6 rats
48 creatures vanquished.

Notes
Turn   | Place    | Note
-------+----------+-------------------------------------------
     0 | D:1      | M4edhros the Octopode Chaos Knight began the quest for the Orb.
     0 | D:1      | Reached XP level 1. HP: 16/16 MP: 1/1
   127 | D:1      | Reached XP level 2. HP: 21/21 MP: 2/2
   625 | D:1      | Reached skill level 4 in Polearms
   770 | D:2      | Reached XP level 3. HP: 25/26 MP: 3/3
   807 | D:2      | XOM: divination: detect items
  1170 | D:2      | Found an ancient bone altar of Kikubaaqudgha.
  1172 | D:2      | Found a blossoming altar of Fedhas.
  1176 | D:2      | Found a sacrificial altar of Ru.
  1194 | D:2      | Reached XP level 4. HP: 22/31 MP: 4/4
  1464 | D:2      | XOM: noise
  1494 | D:2      | Reached skill level 5 in Polearms
  1712 | D:3      | Slain by an orc wizard

Skill      XL: |  1  2  3  4 |
---------------+-------------+-----
Polearms       | 4 5 |  5.1
Fighting       | |  3.0
Dodging        | |  2.3

Action                   |  1- 3 |  4- 6 || total
-------------------------+-------+-------++-------
Melee: Spear             |    96 |    22 ||   118
       Constrict         |    15 |     3 ||    18
       Tentacles         |     8 |     3 ||    11
  Use: Potion            |       |     2 ||     2
 Stab: Sleeping          |    10 |     1 ||    11
       Confused          |     1 |       ||     1
  Eat: Chunk             |     1 |     1 ||     2
Armor: Skin              |     4 |     1 ||     5
Dodge: Dodged            |    43 |     7 ||    50
